 Dungeon Crawl Stone Soup version 0.29-a0-643-ga013cefcf8 (webtiles) character file.

Game seed: 11567147930663474668

91 wingedge the Sneak (level 4, -2/23 HPs)
             Began as a Spriggan Brigand on June 19, 2022.
             Slain by an adder (3 damage)
             ... on level 2 of the Dungeon.
             The game lasted 00:06:34 (1941 turns).

wingedge the Sneak (Spriggan Brigand)               Turns: 1941, Time: 00:06:35

Health: -2/23      AC:  3    Str:  7    XL:     4   Next: 34%
Magic:  5/5        EV: 16    Int: 12    God:
Gold:   93         SH:  0    Dex: 18    Spells: 3/3 levels left

rFire   . . .      SeeInvis +   a - +2 dagger
rCold   . . .      Faith    .   (no shield)
rNeg    + . .      Spirit   .   p - +0 robe
rPois   .          Reflect  .   (helmet restricted)
rElec   .          Harm     .   c - +0 cloak
rCorr   .          Rampage  .   (gloves unavailable)
Will    .....                   (boots unavailable)
Stlth   ++++......              h - amulet of magic regeneration
HPRegen 0.07/turn               r - ring of positive energy
MPRegen 0.49/turn               (no ring)

@: brilliant, lethally poisoned (-2 -> -6), very quick
A: very small, no large weapons, unfitting armour, see invisible, speed 3
a: no special abilities


You were on level 2 of the Dungeon.
You visited 1 branch of the dungeon, and saw 2 of its levels.

You collected 93 gold pieces.

Inventory:

Hand Weapons
 a - a +2 dagger (weapon)
 b - a +0 hunting sling
Missiles
 d - 5 poisoned darts (quivered)
 e - 5 curare-tipped darts
Armour
 c - a +0 cloak (worn)
 p - a +0 robe (worn)
Jewellery
 h - an amulet of magic regeneration (around neck)
 r - a ring of positive energy (left hand)
Wands
 q - a wand of flame (7)
Scrolls
 f - 2 scrolls of vulnerability
 g - a scroll of identify
 i - a scroll of amnesia
 j - a scroll of enchant armour {unknown}
 k - a scroll of magic mapping {unknown}
 l - a scroll of silence {unknown}
 m - a scroll of teleportation {unknown}
 n - 3 scrolls of enchant weapon


   Skills:
 + Level 2.3 Fighting
 + Level 3.1 Short Blades
 + Level 0.2(1.4) Slings
 - Level 2.0 Throwing
 - Level 1.3 Dodging
 * Level 7.5 Stealth


You had 3 spell levels left.
You didn't know any spells.
Your spell library contained the following spells:

 Spells                   Type           Power      Damage    Failure   Level
 Sublimation of Blood     Necr           0%         N/A       45%         2
 Petrify                  Tmut/Erth      0%         N/A       97%         4
 Irradiate                Conj/Tmut      0%         3d13      100%        5


Dungeon Overview and Level Annotations

Branches:
Dungeon (2/15)

Altars:

Annotations:
D:2 Natasha


Innate Abilities, Weirdness & Mutations

You are very small and have problems with some larger weapons.
You are too small for most types of armour.
You have supernaturally acute eyesight. (SInv)
You cover ground extremely quickly. (Speed+++)


Message History

The adder is heavily wounded.
You feel sick. The adder bites you.
You are more poisoned.
The adder poisons you!
You miss the adder.
The adder is heavily wounded.
You feel sick. The adder barely misses you.
You barely miss the adder.
The adder is heavily wounded.
You feel sick. The adder barely misses you. x2
You hit the adder.
The adder is severely wounded.
The adder bites you but does no damage.
You miss the adder.
The adder is severely wounded.
You feel sick. The adder closely misses you.
You miss the adder.
The adder is severely wounded.
You feel sick. The adder barely misses you.
You hit the adder.
You kill the adder!
You feel sick. The adder bites you.
* * * LOW HITPOINT WARNING * * *
You hit the adder but do no damage.
You feel sick.
You are no longer poisoned.
The adder completely misses you.
It was a potion of brilliance.
You feel clever all of a sudden. The adder bites you.
* * * LOW HITPOINT WARNING * * *
You are lethally poisoned!
The adder poisons you!
Throw: 6 darts (curare)
Press: ? - help, Shift-Dir - straight line, f - adder
Aim: an adder (46% to hit)
You throw a curare-tipped dart.
The curare-tipped dart barely misses the adder.
* * * LOW HITPOINT WARNING * * *
You feel sick. The adder bites you.
You die...

#### ##### ###..##
.....### #...≈.# #...#####
#.≈≈≈.#
####...@S(###..≈≈.#
#....####..(....≈.#
###.##.######.(.....#
#........#######≈...#####.
#..###...........>..<.....
#### ##..############...#.
...####.# # #.....
#...##.####... .......
###+#### #..........>
...#....


You could see an adder.

Vanquished Creatures
  4 adders (D:2)
  3 dart slugs (D:1)
  4 ball pythons
  7 endoplasms
  2 giant cockroaches
  5 goblins
  A hobgoblin (D:1)
  3 jackals (D:1)
  5 kobolds
  2 quokkas (D:2)
  2 bats (D:1)
  3 frilled lizards
  4 rats
45 creatures vanquished.

Notes
Turn   | Place    | Note
-------+----------+-------------------------------------------
     0 | D:1      | wingedge the Spriggan Brigand began the quest for the Orb.
     0 | D:1      | Reached XP level 1. HP: 10/10 MP: 2/2
   237 | D:1      | Reached skill level 6 in Stealth
   376 | D:1      | Reached XP level 2. HP: 10/15 MP: 3/3
   952 | D:1      | Reached XP level 3. HP: 17/18 MP: 4/4
  1421 | D:2      | Noticed Natasha
  1457 | D:2      | Reached skill level 7 in Stealth
  1545 | D:2      | Found a faded altar of an unknown god.
  1693 | D:2      | Reached XP level 4. HP: 23/23 MP: 5/5
  1941 | D:2      | HP: 1/23 [poisoned by an adder]
  1941 | D:2      | Slain by an adder

Illustrated notes

Levels and vault maps discovered:
D:1:      sevenhm_arrival_forest_fort_large_2, layout_loops_corners,
          lemuel_flame_loot_1
D:2:      kennysheep_six_static_rooms, layout_rooms,
          hellmonk_ecumenical_altar_run_dry, grunt_ministairs_2,
          chequers_serial_rivers_micro_c, uniq_natasha

Skill      XL: |  1  2  3 |
---------------+----------+-----
Stealth        | 6 7 |  7.5
Fighting       | 2 |  2.3
Short Blades   | 3 |  3.1
Slings         | |  0.2
Throwing       | |  2.0
Dodging        | |  1.3

Action                   |  1- 3 |  4- 6 || total
-------------------------+-------+-------++-------
Melee: Dagger            |    85 |    25 ||   110
Throw: Dart              |    16 |     5 ||    21
  Use: Scroll            |     4 |       ||     4
       Potion            |     1 |     1 ||     2
 Stab: Sleeping          |    13 |     3 ||    16
Armor: Robe              |    10 |     3 ||    13
Dodge: Dodged            |    47 |    16 ||    63

Table legend: (Time is in decaauts)
 A = Elapsed time spent in this place.
 B = Non-inter-level travel time spent in this place.
 C = Inter-level travel time spent in this place.
 D = Time resting spent in this place.
 E = Time spent auto-exploring this place.
 F = Levels seen in this place.
 G = Mean time per level.
                   A        B        C        D        E       F      G
               +--------+--------+--------+--------+--------+-----+--------+
         Total |   1387 |   1338 |     49 |     88 |    877 |   2 |  693.5 |
       Dungeon |   1387 |   1338 |     49 |     88 |    877 |   2 |  693.5 |
               +--------+--------+--------+--------+--------+-----+--------+

Top non-repeatable levels by time:
     D:1: 1011 daAuts
     D:2: 376 daAuts
